FIQ, neutral male scurrid Tourist --- |r. +.o FIQ the Rambler Experience level: 1 Strength: 13 Dexterity: 10 Constitution: 14 Intelligence: 15 Wisdom: 7 Charisma: 15 Health: 0(9) Energy: 2(2) Def: 0 Gold: 733 Moves: 44 Dungeon seed: L45z9qSNjueuav4s Game ID: FIQ_1498601973 Your Inventory: Coins $ - 733 gold pieces Weapons a - 36 blessed +2 darts (in quiver) Armor e - an uncursed +0 Hawaiian shirt (being worn) Comestibles b - 6 uncursed food rations c - an uncursed orange d - 2 uncursed eggs f - an uncursed tripe ration g - 2 uncursed chestnuts Scrolls i - a blessed scroll of magic mapping j - 3 uncursed scrolls of magic mapping Potions h - 2 uncursed potions of extra healing Wands m - a blessed wand of secret door detection (0:15) Tools k - an uncursed expensive camera (0:33) l - an uncursed credit card n - an uncursed oil lamp (0:1104) Spells and supernatural/magical abilities: Name Level Category Fail Memory W - pray for help -- divine ? -- Your skills at the end: Miscellaneous Skills wands [Basic] Weapon Skills dart [Basic] Spellcasting Skills Final Attributes: You were devoutly aligned. You were hallucinating. You had wounded legs. You had infravision. You were very stealthy. You are dead. Vanquished creatures: a black light a manes and a partridge in a pear tree 2 creatures vanquished. Voluntary challenges: You went without food. You did not adorn yourself with jewelry or accessories. You did not cause conflict. You were not invisible. You did not have reflection. You were not displaced. You were an atheist. You never hit with a wielded weapon. You were a pacifist. You did not use tools. You did not use plumbed fixtures. You did not drink any magical draughts. You were illiterate. You never genocided any monsters. You never polymorphed an object. You never changed form. You used no wishes. You never split a pudding. You never wrote Elbereth's name. You never violated your personal moral code. Dungeon overview: The Dungeons of Doom: levels 1 to 19 Level 1 a long staircase Level 2 Level 3 Level 4 Level 5 Level 6 a long staircase Level 7 Level 8 Level 9 a scroll shop Level 10 a fountain Level 11 Level 12 Level 13 Level 14 Level 15 Level 16 Level 17 Level 18 Level 19 <- You were here History has recorded: On T:1 you entered the Dungeons of Doom to retrieve the Amulet of Yendor! On T:4 you reached level 2 of The Dungeons of Doom. On T:6 you reached level 3 of The Dungeons of Doom. On T:8 you reached level 4 of The Dungeons of Doom. On T:10 you reached level 5 of The Dungeons of Doom. On T:13 you reached level 6 of The Dungeons of Doom. On T:15 you reached level 7 of The Dungeons of Doom. On T:17 you reached level 8 of The Dungeons of Doom. On T:19 you reached level 9 of The Dungeons of Doom. On T:25 you reached level 11 of The Dungeons of Doom. On T:28 you reached level 12 of The Dungeons of Doom. On T:30 you reached level 13 of The Dungeons of Doom. On T:32 you reached level 14 of The Dungeons of Doom. On T:34 you reached level 15 of The Dungeons of Doom. On T:34 you entered the Rogue tribute level. On T:37 you reached level 16 of The Dungeons of Doom. On T:39 you reached level 17 of The Dungeons of Doom. On T:41 you reached level 18 of The Dungeons of Doom. On T:43 you reached level 19 of The Dungeons of Doom. Score breakdown: Gold: 0 ( 0 points) Experience: 1 level ( 0 points) Exploration: 19 levels ( 540 points) Discoveries: 0 items ( 0 points) Variety of kills: 2 monsters ( 100 points) Major goal: (nothing yet) ( 0 points) Survival: died (score multiplied by 3) Total score: 1920 Latest messages: You fall through... You start digging downward. You continue digging downward. You dig a pit in the floor. You continue digging downward. You dig a hole through the floor. You fall through... You start digging downward. You continue digging downward. You dig a pit in the floor. You continue digging downward. You dig a hole through the floor. You fall through... You start digging downward. Something explodes! You are caught in a blast of kaleidoscopic light! You are freaked out. You continue digging downward. You dig a pit in the floor. You continue digging downward. You dig a hole through the floor. You fall through... That command is only available in debug mode. You miss the dog. The killer bee pricks your left leg! The spotted jelly pricks your left leg! You die... Final status: Aloha FIQ the Tourist, killed by a hallucinogen-distorted xan... You died in The Dungeons of Doom on dungeon level 19 with 1920 points, and 733 pieces of gold, after 44 moves. You were level 1 with a maximum of 9 hit points when you died.